 Dungeon Crawl Stone Soup version 0.30-a0-141-g30f27751c5 (webtiles) character file.

Game seed: 6029948436779202648

22 qw the Shield-Bearer (level 2, -1/19 HPs)
             Began as a Gargoyle Fighter on Sept 25, 2022.
             Slain by a gnoll
             ... wielding a +0 whip
              (4 damage)
             ... on level 2 of the Dungeon.
             The game lasted 00:00:11 (847 turns).

qw the Shield-Bearer (Gargoyle Fighter)              Turns: 847, Time: 00:00:11

Health: -1/19      AC:  9    Str: 19    XL:     2   Next: 91%
Magic:  2/2        EV:  9    Int:  8    God:
Gold:   61         SH:  4    Dex:  9    Spells: 1/1 levels left

rFire   . . .      SeeInvis .    Y - +0 war axe
rCold   . . .      Faith    .    c - +0 buckler
rNeg    + . .      Spirit   .    b - +0 scale mail
rPois   inf        Reflect  .    (no helmet)
rElec   +          Harm     .    (no cloak)
rCorr   .          Rampage  .    (no gloves)
Will    .....                    (no boots)
Stlth   ..........               (no amulet)
HPRegen 0.06/turn                (no ring)
MPRegen 0.08/turn                (no ring)

@: no status effects
A: sickness immunity, AC +2, negative energy resistance 1, electricity
resistance, torment resistance 1, petrification resistance
a: no special abilities


You were on level 2 of the Dungeon.
You visited 1 branch of the dungeon, and saw 2 of its levels.

You collected 106 gold pieces.
You spent 45 gold pieces at shops.


Innate Abilities, Weirdness & Mutations

You are immune to sickness and miasma.
Your stone body is resilient. (AC +2)
You are immune to poison.
You resist negative energy. (rN+)
You are resistant to electric shocks. (rElec)
You are resistant to unholy torment.
You are immune to petrification.


   Skills:
 - Level 3.2 Fighting
 + Level 3.0 Axes
 - Level 3.2 Armour
 - Level 3.2 Shields


You had one spell level left.
You didn't know any spells.
Your spell library was empty.

Inventory:

Hand Weapons
 Y - a +0 war axe (weapon)
Missiles
 i - 4 boomerangs (quivered)
Armour
 b - a +0 scale mail (worn)
 c - a +0 buckler (worn)
 g - a +0 pair of gloves
 k - a +1 chain mail of willpower
Scrolls
 a - a scroll of enchant armour {unknown}
Potions
 d - 2 potions of might
 e - a potion of ambrosia {unknown}
 f - a potion of haste {unknown}
 h - a potion of heal wounds {unknown}
 j - a potion of curing {unknown}
 l - 2 potions of flight {unknown}

Dungeon Overview and Level Annotations

Branches:
Dungeon (2/15)

Altars:

Shops:
D:2 [


Message History

You can access your shopping list by pressing '$'.
k - a +1 chain mail of willpower
l - a sedimented golden potion
Enter note:
Enter note:
l - 2 sedimented golden potions (gained 1)
A gnoll comes into view. It is wielding a +0 spear.
The gnoll shouts!
You hear a shout! x2
836 ||| Stepping ~*~*~tactically~*~*~ (hiding).
You start waiting.
A gnoll is nearby!
A gnoll comes into view. It is wielding a +0 whip.
The gnoll shouts!
The gnoll hits you with a +0 spear.
You hit the gnoll.
The gnoll is moderately wounded.
A gnoll comes into view. It is wielding a +0 spear.
The gnoll hits you with a +0 spear.
A rat comes into view.
The gnoll barely misses you.
The gnoll moves out of view.
A gnoll comes into view. It is wielding a +0 halberd.
You slash the gnoll!
The gnoll is severely wounded.
The gnoll hits you with a +0 spear.
You barely miss the gnoll.
The gnoll is severely wounded.
You hit the gnoll.
The gnoll is almost dead.
The gnoll barely misses you. The gnoll hits you but does no damage.
The gnoll closely misses you.
You hit the gnoll.
You kill the gnoll!
You hit the gnoll but do no damage. The gnoll hits you with a +0 whip.
Your Axes skill increases to level 3!
You barely miss the gnoll.
The gnoll hits you but does no damage. x2
847 ||| Stepping ~*~*~tactically~*~*~ (hiding).
The gnoll attacks as you move away! The gnoll hits you with a +0 whip.
You die...

#..###.... #.. #....#..#. #..
#.##.##.#..#. #..
#..........## #.g.#
####......## ###### .g.
###...### # ##....# #r#
#.....# #.#.#...####g####
#####...#.#
#...%.......)@..###.....###.##
....#........#.........##.#
#... #
#.........####.###..##.# ####
##.#.................#.#
##....##.#.##.#.......#
.....####.#.##+#.#.#.#.#
###..# #.<..# #.#.....# #..#
###### ####..#.# ... ..##.#


You could see 3 gnolls and a rat.

Vanquished Creatures
  A gnoll (D:2)
  A dart slug (D:2)
  An endoplasm (D:2)
  A hobgoblin (D:1)
  A quokka (D:1)
  2 bats (D:1)
  2 frilled lizards (D:1)
  3 rats
12 creatures vanquished.

Notes
Turn   | Place    | Note
-------+----------+-------------------------------------------
     0 | D:1      | qw the Gargoyle Fighter began the quest for the Orb.
     0 | D:1      | Reached XP level 1. HP: 14/14 MP: 1/1
     0 | D:1      | 0 ||| qw: Version: 0.2-a-10-g399e6c4
     0 | D:1      | 0 ||| qw: Game counter: 312
     0 | D:1      | 0 ||| qw: Always use a shield: true
     0 | D:1      | 0 ||| qw: God list: Okawaru
     0 | D:1      | 0 ||| qw: Allow faded altars: false
     0 | D:1      | 0 ||| qw: Do Orc after D:15 true
     0 | D:1      | 0 ||| qw: Do second Lair branch before Depths: true
     0 | D:1      | 0 ||| qw: Lair rune preference: random
     0 | D:1      | 0 ||| qw: Plans: Normal, Zot:1-4, God:TSO, Crypt, Tomb,
                  | Pan, Slime:5, Hells, Abyss, Orb
     0 | D:1      | 0 ||| PLANNING D:1-11
    32 | D:1      | Found a faded altar of an unknown god.
    86 | D:1      | You fall into a shaft and drop 1 floor!
    89 | D:2      | 89 ||| READING scroll labelled ROOSHR YLICUA.
   400 | D:1      | Reached XP level 2. HP: 19/19 MP: 2/2
   725 | D:1      | 725 ||| READING scroll labelled WAPLIT LIOROBA.
   726 | D:1      | 726 ||| READING scroll labelled YLIMIE BOMPU.
   727 | D:1      | 727 ||| READING scroll labelled PIARAGE ZIYC.
   767 | D:2      | Found Syacriro's Armour Shoppe.
   784 | D:2      | 784 ||| SHOPLISTING +0 crystal plate armour (800 gold, have
                  | 106).
   784 | D:2      | 784 ||| BUYING +0 pair of gloves (45 gold).
   784 | D:2      | Bought a +0 pair of gloves for 45 gold pieces
   784 | D:2      | 784 ||| SHOPLISTING +2 pair of boots "Zesadgh" {rPois SInv}
                  | (299 gold, have 61).
   836 | D:2      | 836 ||| Stepping ~*~*~tactically~*~*~ (hiding).
   845 | D:2      | HP: 3/19 [gnoll/+0 whip (5)]
   846 | D:2      | Reached skill level 3 in Axes
   847 | D:2      | 847 ||| Stepping ~*~*~tactically~*~*~ (hiding).
   847 | D:2      | Slain by a gnoll

Levels and vault maps discovered:
D:1:      lightli_arrival_lavapool, layout_loops_ring,
          shapermc_ecumenical_altar_mp_highgroup, minmay_pentomino_p2
D:2:      minmay_razor_zed, layout_loops_cross, serial_shops,
          nicolae_shop_hallway_plus, nicolae_shop_behind_doors,
          nicolae_shop_waterfront, eino_tiny_chamber, uniq_crazy_yiuf_cottage

Skill      XL: |  1  2 |
---------------+-------+-----
Axes           | 2 3 |  3.0
Fighting       | |  3.2
Armour         | |  3.2
Shields        | |  3.2

Action                   || total
-------------------------++-------
Melee: War axe           ||    24
Throw: Boomerang         ||     8
  Use: Scroll            ||     4
Armor: Scale mail        ||    11
Dodge: Dodged            ||     8
Block: Buckler           ||     3

Table legend:
 A = Non-vault XP
 B = Vault XP
 C = Vault XP percentage of total XP
 D = Non-vault monster count
 E = Vault monster count
 F = Vault count percentage of total count
                 A         B        C        D         E       F
            +---------+---------+-------+---------+---------+-------
      Total |      30 |       2 |   6.2 |      11 |       1 |   8.3
            +---------+---------+-------+---------+---------+-------
        D:1 |       9 |       2 |  18.2 |       7 |       1 |  12.5
        D:2 |      21 |       0 |   0.0 |       4 |       0 |   0.0
            +---------+---------+-------+---------+---------+-------
